 Dungeon Crawl Stone Soup version 0.28-a0-1510-gd0f6b136d3 (webtiles) character file.

Game seed: 17199358479254157979

43 siradein the Insei (level 3, -2/28 HPs)
             Began as a Djinni Transmuter on Jan 14, 2022.
             Killed by nerve-wracking pain
             ... invoked by Grinder
              (9 damage)
             ... while paralysed by Grinder
             ... on level 3 of the Dungeon.
             The game lasted 00:04:50 (3209 turns).

siradein the Insei (Djinni Transmuter)              Turns: 3209, Time: 00:04:51

Health: -2/28      AC:  6    Str:  9    XL:     3   Next: 82%
Gold:   157        EV:  2    Int: 16    God:
                   SH:  0    Dex: 13

rFire   + + .      SeeInvis .     - Unarmed
rCold   x . .      Faith    .   (no shield)
rNeg    . . .      Spirit   .   e - +0 leather armour
rPois   ∞          Reflect  .   (helmet currently unavailable)
rElec   .          Harm     .   g - +2 cloak
rCorr   .          Rampage  .   (no gloves)
Will    .....                   (boots unavailable)
Stlth   +.........              (no amulet)
HPRegen 0.09/turn               (no ring)
MPRegen 0.00/turn               (no ring)

@: paralysed, appendages (expiring), wereblooded, flying
A: horns 2, flying, sickness immunity, fire resistance 2, cold vulnerability 1,
float, innate caster, hp casting, extra vitality 1
a: End Transformation


You were on level 3 of the Dungeon.
You had temporarily grown beastly horns.
You visited 1 branch of the dungeon, and saw 3 of its levels.

You collected 157 gold pieces.

Inventory:

Missiles
 i - a throwing net
Armour
 e - a +0 leather armour (worn)
 g - a +2 cloak (worn)
Scrolls
 a - a scroll of fear {unknown}
 b - 4 scrolls of magic mapping {unknown}
 c - a scroll of teleportation
 f - a scroll of immolation {unknown}
 j - a scroll of fog {unknown}
 k - 2 scrolls of identify {unknown}
Potions
 d - a potion of curing {unknown}
 h - a potion of heal wounds {unknown}


   Skills:
 + Level 1.8 Fighting
 + Level 2.8 Dodging
 + Level 3.4 Unarmed Combat
 + Level 2.0 Spellcasting


You couldn't memorise any spells.
You knew the following spells:

 Your Spells              Type           Power      Damage    Failure   Level
a - Beastly Appendage     Tmut           16%        N/A       13%         1
b - Wereblood             Tmut           8%         N/A       19%         2
c - Spider Form           Tmut/Pois      8%         N/A       36%         3
d - Ice Form              Ice/Tmut       8%         N/A       77%         4
e - Apportation           Tloc           16%        N/A       13%         1
Your spell library was empty.

Dungeon Overview and Level Annotations

Branches:
Dungeon (3/15)

Altars:
The Shining One

Annotations:
D:3 Grinder


Innate Abilities, Weirdness & Mutations

You have temporarily grown beastly horns.
You are flying.
You are immune to sickness and miasma.
You are immune to poison.
Your flesh is very heat resistant. (rF++)
You are vulnerable to cold. (rC-)
You float through the air rather than walking.
You learn spells naturally, not from books.
Your magical power is your life essence.
You have superior vitality. (+4 MHP)


Message History

Grinder is nearby!
Grinder is nearby!
Grinder is nearby!
Casting: Beastly Appendage (safe; 13% risk of failure)
Confirm with . or Enter, or press ? or * to list all spells.
Your blood is infused with primal strength.
Casting: Wereblood (safe; 19% risk of failure)
Confirm with . or Enter, or press ? or * to list all spells.
You grow a pair of large bovine horns.
No target in view!
Grinder hits you but does no damage.
You barely miss Grinder. Grinder hits you.
You writhe in agony.
You hit Grinder.
Grinder is lightly wounded.
Grinder closely misses you.
You hit Grinder but do no damage. Your punch misses Grinder.
Grinder is lightly wounded.
Grinder hits you but does no damage.
You closely miss Grinder.
Grinder is lightly wounded.
Grinder hits you but does no damage.
You hit Grinder. Your headbutt misses Grinder.
Grinder is moderately wounded.
Grinder closely misses you.
You closely miss Grinder. You headbutt Grinder!
Grinder is moderately wounded.
Grinder gestures at you. Pain shoots through your body!
You hit Grinder.
Grinder is heavily wounded.
Your transformation is almost over.
Grinder gestures at you.
You suddenly lose the ability to move!
Grinder hits you.
You writhe in agony.
Grinder hits you but does no damage. Grinder hits you.
* * * LOW HITPOINT WARNING * * *
Grinder gestures at you. Pain shoots through your body!
You die...

########.##
#.# #.#
#######.#
#.......#
#.#######
#.#
####.###.#
......5@.#
♣♣##.#####


You could see Grinder.

Vanquished Creatures
  An adder (D:1)
  A dart slug (D:3)
  An orc (D:3)
  4 ball pythons
  4 endoplasms (D:1)
  5 giant cockroaches
  2 goblins
  2 hobgoblins
  2 quokkas
  A frilled lizard (D:1)
  3 kobolds
  2 rats
28 creatures vanquished.

Vanquished Creatures (others)
  A rat (D:3)
  6 plants (D:3)
7 creatures vanquished.

Grand Total: 35 creatures vanquished

Notes
Turn   | Place    | Note
-------+----------+-------------------------------------------
     0 | D:1      | siradein the Djinni Transmuter began the quest for the Orb.
     0 | D:1      | Reached XP level 1. HP: 17/17 MP: 0/0
   274 | D:1      | Reached XP level 2. HP: 21/22 MP: 0/0
  1360 | D:1      | Reached XP level 3. HP: 12/27 MP: 0/0
  1360 | D:1      | Learned a level 1 spell: Apportation
  2113 | D:2      | Found a glowing golden altar of the Shining One.
  2218 | D:2      | Found a faded altar of an unknown god.
  3193 | D:3      | Noticed Grinder
  3205 | D:3      | Paralysed by Grinder for 5 turns
  3209 | D:3      | Killed from afar by Grinder

Illustrated notes

Levels and vault maps discovered:
D:1:      tarquinn_simple_flora_water_a, layout_loops_ring
D:2:      layout_basic, basic_altar, shapermc_ecumenical_altar_mp_vishouse
D:3:      layout_loops_ring, serial_shops,
          nicolae_shop_temple_entry_statues_fountains, serial_bayou,
          serial_bayou_pond_c, serial_bayou_pond_b, serial_bayou_lagoon_b,
          serial_bayou_shore_b, serial_bayou_crossing, serial_bayou_pond_d,
          uniq_grinder

Skill      XL: |  1  2  3 |
---------------+----------+-----
Spellcasting   | 2 |  2.0
Fighting       | |  1.8
Dodging        | |  2.8
Unarmed Combat | |  3.4

Action                   || total
-------------------------++-------
Melee: Unarmed           ||   122
       Headbutt          ||    13
       Punch             ||     4
 Cast: Beastly Appendage ||    28
       Wereblood         ||     1
  Use: Scroll            ||     1
 Stab: Sleeping          ||     1
Armor: Robe              ||     5
       Leather armour    ||    19
Dodge: Dodged            ||    66

Table legend: (Time is in decaauts)
 A = Elapsed time spent in this place.
 B = Non-inter-level travel time spent in this place.
 C = Inter-level travel time spent in this place.
 D = Time resting spent in this place.
 E = Time spent auto-exploring this place.
 F = Levels seen in this place.
 G = Mean time per level.
                   A        B        C        D        E       F      G
               +--------+--------+--------+--------+--------+-----+--------+
         Total |   3205 |   3166 |     39 |    507 |   2104 |   3 | 1068.3 |
       Dungeon |   3205 |   3166 |     39 |    507 |   2104 |   3 | 1068.3 |
               +--------+--------+--------+--------+--------+-----+--------+

Top non-repeatable levels by time:
     D:1: 1497 daAuts
     D:2: 1389 daAuts
     D:3: 318 daAuts
